Cogmind - Beta 14 @@@ ROGUE MODE // 2024.11.08 @ 19:25:15 Player: Gyavenson Result: Destroyed by Enhanced Grunt with Neutron Cannon Performance ------------- Evolutions (3) 1500 Regions Visited (9) 1800 Robots Destroyed (67) 335 Value Destroyed (1611) 1611 Prototype IDs (2) 40 Alien Tech Used (0) 0 Bonus (300) 300 TOTAL SCORE: 5586 Bonus ------- Met Data Miner 300 Cogmind --------- Core Integrity 0/700 Matter 300/300 Energy 43/100 System Corruption 4% Temperature Cool (0) Movement Core (350) Ox6 Location -7/Data Miner Parts ------- > --- POWER (1) -------- (None) > --- PROPULSION (4) --- (None) > --- UTILITY (6) ------ Coolant Injector Medium Storage Unit Makeshift System Shield > --- WEAPON (2) ------- Heavy Plasma Cannon > --- INVENTORY (10) --- Light Ion Engine Light Ion Engine Improved Ion Engine High-capacity Storage Unit Medium Matter Pod (10) Medium Reactive Plating Peak State ------------ > --- POWER ------------ Deuterium Engine > --- PROPULSION ------- Improved Carbon-fiber Leg Improved Carbon-fiber Leg Improved Carbon-fiber Leg Improved Carbon-fiber Leg > --- UTILITY ---------- Improved Heat Sink High-capacity Storage Unit Weight Redist. System Improved Terrain Scan Processor Improved Targeting Computer System Shield > --- WEAPON ----------- Advanced Assault Cannon Advanced Assault Cannon > --- INVENTORY -------- Light Ion Engine Light Ion Engine Light Nuclear Core Light Fission Core Light Treads Aluminum Leg Aluminum Leg Aluminum Leg Wheel Heat Sink Medium Storage Unit Large Storage Unit Medium Matter Pod Improved Signal Interpreter Enhanced Autogun EMP Blaster Mace [Rating: 44] Favorites ----------- Power Light Nuclear Core Engine Light Ion Engine Power Core Light Nuclear Core Propulsion Light Treads Treads Light Treads Leg Improved Carbon-fiber Leg Wheel Wheel Hover Unit Airjet Utility Weapon Shielding Device Weight Redist. System Storage Large Storage Unit Processor Improved Targeting Computer Hackware System Shield Protection Weapon Shielding Weapon Light Assault Rifle Energy Gun Thermic Laser Energy Cannon Heavy Plasma Cannon Ballistic Gun Light Assault Rifle Ballistic Cannon Advanced Assault Cannon Launcher EMP Blaster Special Weapon Remote Datajack Impact Weapon Mace Build | -11 -10 -10 -10 -9 -8 -7 -7 -7 -7 ------- Run | Yrd Mat Min Exi Min Mat Fac Low Low Dat Slots Evolved 6 | . . . . . 4 2 . . . Power . | . . . . . . . . . . Propulsion 2 | . . . . . 1 1 . . . Utility 4 | . . . . . 3 1 . . . Weapon . | . . . . . . . . . . Parts Attached 85 | 8 9 . . 6 29 18 12 3 . Power 13 | 1 2 . . 2 2 4 1 1 . Engine 7 | 1 . . . 1 1 2 1 1 . Core 6 | . 2 . . 1 1 2 . . . Reactor . | . . . . . . . . . . Propulsion 23 | 4 1 . . 3 8 3 4 . . Treads 4 | 2 1 . . 1 . . . . . Leg 9 | 2 . . . . 5 2 . . . Wheel 6 | . . . . 2 2 1 1 . . Hover 4 | . . . . . 1 . 3 . . Flight . | . . . . . . . . . . Utility 25 | 1 5 . . 1 7 4 5 2 . Device 9 | . . . . 1 4 2 1 1 . Storage 8 | 1 4 . . . 1 . 2 . . Processor 2 | . . . . . 1 1 . . . Hackware 2 | . . . . . 1 . 1 . . Protection 4 | . 1 . . . . 1 1 1 . Artifact . | . . . . . . . . . . Weapon 24 | 2 1 . . . 12 7 2 . . Energy Gun 2 | . . . . . . 1 1 . . Energy Cannon 1 | . . . . . . . 1 . . Ballistic Gun 9 | 2 1 . . . 5 1 . . . Ballistic Cannon 6 | . . . . . 4 2 . . . Launcher 4 | . . . . . 3 1 . . . Special Weapon 1 | . . . . . . 1 . . . Impact Weapon 1 | . . . . . . 1 . . . Slashing Weapon . | . . . . . . . . . . Piercing Weapon . | . . . . . . . . . . Special Melee Weapon . | . . . . . . . . . . Unidentified Prototypes 2 | . . . . . 2 . . . . Parts Lost 31 | . . . . 5 4 9 9 1 3 Power 6 | . . . . 1 2 1 1 . 1 Propulsion 10 | . . . . 2 1 3 4 . . Utility 8 | . . . . 1 . 2 3 1 1 Weapon 7 | . . . . 1 1 3 1 . 1 Highest Loss Streak 9 | . . . . 3 2 4 9 1 3 To Critical Strikes . | . . . . . . . . . . Average Slot Usage (%) 84 | . 95 100 100 89 88 83 42 62 56 Engine 2 | . 1 . . . 5 2 3 7 5 Core 7 | . 12 14 14 12 2 4 . . . Treads 12 | . 28 28 28 14 . . . . . Leg 5 | . . . . . 14 21 . . . Wheel 3 | . . . . 11 10 1 3 7 5 Device 4 | . . . . 3 17 9 4 2 7 Storage 10 | . 14 14 14 14 9 7 4 7 7 Processor 4 | . . . . . 7 13 7 4 . Hackware 3 | . . . . . 3 7 3 7 7 Protection 6 | . 9 14 14 5 . . 3 8 6 Energy Gun 1 | . . . . . . . 3 7 6 Energy Cannon 1 | . . . . . . . 3 7 7 Ballistic Gun 14 | . 28 28 28 26 6 2 . . . Ballistic Cannon 2 | . . . . . 10 8 . . . Peak Build Rating 44 | 6 10 10 10 10 36 44 34 37 36 Average Rating 19 | 5 8 10 10 9 23 35 18 32 33 On Entrance 17 | . 6 10 10 10 8 33 28 34 36 Naked Turns . | . . . . . . . . . . Heaviest Build 72 | 10 28 28 28 28 59 62 46 72 53 Greatest Support 78 | 40 40 40 40 40 26 78 24 10 10 Greatest Overweight (x) 7 | . . . . 2 5 3 4 7 5 Average Overweight (x) 1 | . . . . 1 2 . 1 4 5 Largest Inventory Capacity 20 | 8 20 15 15 15 20 20 20 10 10 Average Capacity 13 | 7 8 15 15 15 17 20 8 10 10 Most Carried 20 | 5 10 10 12 10 19 20 16 6 6 Average Carried 9 | 2 6 10 10 9 13 18 3 3 6 Final Capacity 20 | 8 15 15 15 15 20 20 10 10 10 Final Carried 18 | 5 10 10 10 9 18 16 2 6 6 Class Distribution -------------------- 89% | Mutant 10% | Scavenger-Mutant Dominant Class ---------------- Mutant | -10/Materials Mutant | -10/Mines Mutant | -10/Exiles Mutant | -9/Mines Scavenger-Mutant | -8/Materials Mutant | -7/Factory Mutant | -7/Lower Caves Mutant | -7/Lower Caves Mutant | -7/Data Miner Resources | -11 -10 -10 -10 -9 -8 -7 -7 -7 -7 ----------- Run | Yrd Mat Min Exi Min Mat Fac Low Low Dat Matter Collected 2214 | 159 298 135 . 99 573 770 31 149 . Remotely . | . . . . . . . . . . Salvage Created 1874 | . 476 83 . 223 444 544 . 104 . Parts 131 | . 27 2 . 17 30 43 . 12 . Haulers Intercepted . | . . . . . . . . . . Recyclers Shooed 5 | . 2 . . . 1 2 . . . Parts Field Recycled . | . . . . . . . . . . Retrieved Matter . | . . . . . . . . . . Parts Self-Destructed 18 | . . . . . . . 5 13 . Prevented . | . . . . . . . . . . Kills | -11 -10 -10 -10 -9 -8 -7 -7 -7 -7 ------- Run | Yrd Mat Min Exi Min Mat Fac Low Low Dat Combat Hostiles Destroyed 45 | . 9 2 . 6 13 13 . 2 . Guns 30 | . 9 2 . 6 6 7 . . . Cannons 15 | . . . . . 7 6 . 2 . Classes Destroyed 10 | . 4 . . 1 2 3 . . . Worker 7 | . . . . 1 . 6 . . . Builder 4 | . . . . . 1 3 . . . Recycler 7 | . 2 1 . 1 2 1 . . . Operator 1 | . . . . . . 1 . . . Watcher 3 | . 1 . . . 2 . . . . Swarmer 21 | . 3 2 . 4 7 5 . . . Grunt 17 | . 6 . . 2 4 5 . . . Sentry 2 | . . . . . 2 . . . . Hunter 2 | . . . . . . 1 . 1 . Programmer 3 | . . . . . . 2 . 1 . Best Kill Streak 6 | . 5 2 . 3 5 6 . 1 . Combat Bots Only 5 | . 5 1 . 3 4 3 . 1 . Max Kills in Single Turn 2 | . 1 1 . 1 1 2 . 1 . Gunslinging . | . . . . . . . . . . Exploded . | . . . . . . . . . . Melee . | . . . . . . . . . . Uniques/NPCs Destroyed . | . . . . . . . . . . Combat | -11 -10 -10 -10 -9 -8 -7 -7 -7 -7 -------- Run | Yrd Mat Min Exi Min Mat Fac Low Low Dat Hostile Shots Fired 454 | . 60 16 . 36 87 92 110 17 36 Missed 127 | . 19 1 . 7 20 22 42 5 11 Damage Taken 4901 | . 478 123 . 367 797 1079 735 152 1170 Core 1083 | . 90 17 . 44 195 162 190 53 332 Absorbed by Shields . | . . . . . . . . . . Redirected to Shielding 52 | . 29 2 . 21 . . . . . Core Remaining (%) 67 | 100 . . . 39 64 . . . . Volleys Fired 246 | . 51 14 . 30 57 75 4 6 9 Largest 2 | . 2 2 . 2 2 2 1 2 2 Hottest 175 | . 40 40 . 40 96 96 25 175 175 Shots Fired 427 | . 102 28 . 56 98 113 4 10 16 Gun 288 | . 102 28 . 56 44 43 4 4 7 Cannon 128 | . . . . . 51 62 . 6 9 Launcher 4 | . . . . . 3 1 . . . Special 7 | . . . . . . 7 . . . Kinetic 388 | . 102 28 . 56 95 103 4 . . Thermal 26 | . . . . . . . . 10 16 Explosive . | . . . . . . . . . . Electromagnetic 6 | . . . . . 3 3 . . . Robot Hit Streak 14 | . 8 3 . 10 14 6 2 1 3 Robot Miss Streak 5 | . 5 4 . 2 3 3 1 5 1 Penetration Max . | . . . . . . . . . . Secondary Targets 3 | . 2 . . . 1 . . . . Max Gunslinging Chain 1 | . 1 . . . 1 . . . . Shots Hit Robots 270 | . 60 12 . 39 69 75 2 3 10 Core Hits 128 | . 30 6 . 17 32 35 1 2 5 Critical Kills 1 | . . . . . . 1 . . . Critical Parts Destroyed . | . . . . . . . . . . Critical Strikes 12 | . . . . . 5 7 . . . Blast 11 | . . . . . 5 6 . . . Smash 1 | . . . . . . 1 . . . Melee Attacks 3 | . . . . . . 3 . . . Impact 3 | . . . . . . 3 . . . Slashing . | . . . . . . . . . . Piercing . | . . . . . . . . . . Sneak Attacks 2 | . . . . . . 2 . . . Combat Hostiles . | . . . . . . . . . . Follow-up Attacks . | . . . . . . . . . . Damage Inflicted 4425 | . 508 93 . 314 1235 1912 38 109 216 Guns 1782 | . 508 93 . 314 273 484 38 . 72 Cannons 2310 | . . . . . 876 1181 . 109 144 Explosions 160 | . . . . . 86 74 . . . Melee 173 | . . . . . . 173 . . . Ramming . | . . . . . . . . . . Kinetic 3751 | . 508 93 . 314 1149 1649 38 . . Thermal 343 | . . . . . . 18 . 109 216 Explosive . | . . . . . . . . . . Electromagnetic 158 | . . . . . 86 72 . . . Impact 173 | . . . . . . 173 . . . Slashing . | . . . . . . . . . . Piercing . | . . . . . . . . . . Highest Corruption 4 | . . . . . . 4 4 4 4 Average Corruption 3 | . . . . . . 3 4 4 4 Corruption Purged . | . . . . . . . . . . Corruption Blocked . | . . . . . . . . . . Effects 43 | . . . . . . 19 6 14 4 Message Errors 11 | . . . . . . 5 2 4 . Matter Fused 10 | . . . . . . 3 2 4 1 Heat Flow Errors 5 | . . . . . . 1 1 2 1 Energy Discharges 7 | . . . . . . 4 . 3 . Parts Rejected 1 | . . . . . . . . . 1 Parts Fused 1 | . . . . . . 1 . . . Data Loss (minor) 1 | . . . . . . 1 . . . Misfires 1 | . . . . . . 1 . . . Alerts 3 | . . . . . . . 1 1 1 Weapon Failures 3 | . . . . . . 3 . . . Overload Shots . | . . . . . . . . . . Overflow Damage 176 | . . . . . 17 159 . . . Projectiles 75 | . . . . . 17 58 . . . Explosions . | . . . . . . . . . . Melee 101 | . . . . . . 101 . . . Knockbacks 29 | . . . . . 7 22 . . . Impact 1 | . . . . . . 1 . . . Kinetic 28 | . . . . . 7 21 . . . Secondary . | . . . . . . . . . . Self-Inflicted Damage 23 | . . . . . . 23 . . . Shots 2 | . . . . . . 2 . . . Rammed . | . . . . . . . . . . Targets Rammed . | . . . . . . . . . . Kicked . | . . . . . . . . . . Crushed . | . . . . . . . . . . Highest Temperature 326 | . 40 8 . 26 256 136 250 326 197 Average Temperature 50 | . 12 4 . 6 79 32 110 110 116 Received Heat Transfer 1020 | . 234 . . 147 225 189 225 . . Effects 2 | . . . . . . . 1 1 . Energy Bleed 1 | . . . . . . . 1 . . Interference 1 | . . . . . . . . 1 . Siege Activations . | . . . . . . . . . . Robots Corrupted . | . . . . . . . . . . Combat Hostiles . | . . . . . . . . . . Parts Fried 4 | . . . . . . 4 . . . Impact Corruptions 2 | . . . . . . 2 . . . Robots Melted . | . . . . . . . . . . Combat Hostiles . | . . . . . . . . . . Parts Melted . | . . . . . . . . . . Heat Transferred 850 | . . . . . . 100 . 150 600 Parts Sabotaged . | . . . . . . . . . . Parts Stolen 1 | . . . . . . . . 1 . Parts Stripped . | . . . . . . . . . . Power Chain Reactions 1 | . . . . . . 1 . . . Alert | -11 -10 -10 -10 -9 -8 -7 -7 -7 -7 ------- Run | Yrd Mat Min Exi Min Mat Fac Low Low Dat Peak Influence 400 | . 200 131 . 195 400 300 . . . Initial 155 | . . 41 . . 76 155 . . . Average 138 | . 61 103 . 49 250 192 . . . Maximum Alert Level 2 | . 1 . . . 2 1 . . . Low Security (%) 70 | 100 99 100 . 100 25 48 . . . Level 1 27 | . . . . . 64 51 . . . Level 2 1 | . . . . . 9 . . . . Level 3 . | . . . . . . . . . . Level 4 . | . . . . . . . . . . Level 5 . | . . . . . . . . . . High Security . | . . . . . . . . . . Max Security . | . . . . . . . . . . Squads Dispatched 4 | . . . . . 2 2 . . . Investigation . | . . . . . . . . . . Extermination 2 | . . . . . . 2 . . . Reinforcement 2 | . . . . . 2 . . . . Assault . | . . . . . . . . . . Garrison . | . . . . . . . . . . Intercept . | . . . . . . . . . . Searches Triggered . | . . . . . . . . . . Construction Impeded . | . . . . . . . . . . Haulers Reinforced . | . . . . . . . . . . Active Scanning Responses . | . . . . . . . . . . Cargo Convoy Interrupts . | . . . . . . . . . . Stealth | -11 -10 -10 -10 -9 -8 -7 -7 -7 -7 --------- Run | Yrd Mat Min Exi Min Mat Fac Low Low Dat Distress Signals 6 | . 2 . . . 2 2 . . . Communications Jammed . | . . . . . . . . . . Distress Signals . | . . . . . . . . . . Times Spotted 92 | . 20 5 . 11 21 24 5 3 3 Peak Tracking Total 6 | . 5 3 . 6 4 6 5 1 3 Tactical Retreats 16 | . 1 2 . 3 1 7 2 . . Traps | -11 -10 -10 -10 -9 -8 -7 -7 -7 -7 ------- Run | Yrd Mat Min Exi Min Mat Fac Low Low Dat Traps Triggered 1 | . . . . . . 1 . . . Indirectly . | . . . . . . . . . . Trap Hack Attempts . | . . . . . . . . . . Triggered . | . . . . . . . . . . Disarmed . | . . . . . . . . . . Reprogrammed . | . . . . . . . . . . Reused . | . . . . . . . . . . Traps Extracted . | . . . . . . . . . . Installed . | . . . . . . . . . . Triggered . | . . . . . . . . . . Machines | -11 -10 -10 -10 -9 -8 -7 -7 -7 -7 ---------- Run | Yrd Mat Min Exi Min Mat Fac Low Low Dat Machines Disabled 3 | . . . . . 1 2 . . . Max in Single Turn 1 | . . . . . 1 1 . . . Machines Repaired . | . . . . . . . . . . Machines Dismantled . | . . . . . . . . . . Machines Sabotaged . | . . . . . . . . . . Overloaded Fab Kills . | . . . . . . . . . . Hacking | -11 -10 -10 -10 -9 -8 -7 -7 -7 -7 --------- Run | Yrd Mat Min Exi Min Mat Fac Low Low Dat Machines Accessed 4 | . 1 . 1 . 1 . 1 . . Terminals 2 | . 1 . . . 1 . . . . Fabricators . | . . . . . . . . . . Repair Stations . | . . . . . . . . . . Recycling Units . | . . . . . . . . . . Scanalyzers . | . . . . . . . . . . Garrison Access . | . . . . . . . . . . Total Hacks 28 | . 3 . 23 . 1 . 1 . . Successful 26 | . 1 . 23 . 1 . 1 . . Failed 2 | . 2 . . . . . . . . Catastrophic . | . . . . . . . . . . Database Lockouts . | . . . . . . . . . . Manual . | . . . . . . . . . . Terminals 4 | . 3 . . . 1 . . . . Fabricators . | . . . . . . . . . . Repair Stations . | . . . . . . . . . . Recycling Units . | . . . . . . . . . . Scanalyzers . | . . . . . . . . . . Garrison Access . | . . . . . . . . . . Terminal Hacks 26 | . 1 . 23 . 1 . 1 . . Record 23 | . . . 23 . . . . . . Open Door 1 | . . . . . . . 1 . . Locate Traps 1 | . 1 . . . . . . . . Zone Layout 1 | . . . . . 1 . . . . Fabricator Hacks . | . . . . . . . . . . Repair Station Hacks . | . . . . . . . . . . Recycling Unit Hacks . | . . . . . . . . . . Scanalyzer . | . . . . . . . . . . Garrison Access Hacks . | . . . . . . . . . . Unauthorized Hacks . | . . . . . . . . . . Terminals . | . . . . . . . . . . Fabricators . | . . . . . . . . . . Repair Stations . | . . . . . . . . . . Recycling Units . | . . . . . . . . . . Scanalyzers . | . . . . . . . . . . Garrison Access . | . . . . . . . . . . Data Cores Recovered . | . . . . . . . . . . Used . | . . . . . . . . . . Hacking Detections 1 | . 1 . . . . . . . . Full Trace Events . | . . . . . . . . . . Feedback Events . | . . . . . . . . . . Feedback Blocked . | . . . . . . . . . . Robot Schematics Acquired . | . . . . . . . . . . Robots Built . | . . . . . . . . . . Authchips . | . . . . . . . . . . Time . | . . . . . . . . . . Total Robot Build Rating . | . . . . . . . . . . Part Schematics Acquired . | . . . . . . . . . . Parts Built . | . . . . . . . . . . Authchips . | . . . . . . . . . . Time . | . . . . . . . . . . Total Part Build Rating . | . . . . . . . . . . Parts Repaired . | . . . . . . . . . . Time . | . . . . . . . . . . Parts Recycled . | . . . . . . . . . . Recycled Matter . | . . . . . . . . . . Retrieved Matter . | . . . . . . . . . . Retrieved Components . | . . . . . . . . . . Parts Scanalyzed . | . . . . . . . . . . Part Schematics Acquired . | . . . . . . . . . . Parts Damaged . | . . . . . . . . . . Bothacking | -11 -10 -10 -10 -9 -8 -7 -7 -7 -7 ------------ Run | Yrd Mat Min Exi Min Mat Fac Low Low Dat Used RIF Installer . | . . . . . . . . . . Robots Hacked 3 | . . . . . . 3 . . . Non-combat 2 | . . . . . . 2 . . . Combat 1 | . . . . . . 1 . . . Robot Hacks Applied 3 | . . . . . . 3 . . . parse_system 2 | . . . . . . 2 . . . no_distress 1 | . . . . . . 1 . . . Relay Couplers Released . | . . . . . . . . . . Fabnet Peak Effective % . | . . . . . . . . . . Robots Rewired . | . . . . . . . . . . Allies Hacked . | . . . . . . . . . . Hacks Repelled . | . . . . . . . . . . Allies | -11 -10 -10 -10 -9 -8 -7 -7 -7 -7 -------- Run | Yrd Mat Min Exi Min Mat Fac Low Low Dat Total Allies 2 | . . 2 . . . . . . . Largest Group 2 | . . 2 2 . . . . . . Highest-Rated Group 43 | . . 43 43 . . . . . . Highest-Rated Ally 31 | . . 31 31 . . . . . . Total Orders . | . . . . . . . . . . Ally Attacks . | . . . . . . . . . . Total Damage . | . . . . . . . . . . Kills . | . . . . . . . . . . Allies Corrupted . | . . . . . . . . . . Allies Melted . | . . . . . . . . . . Intel | -11 -10 -10 -10 -9 -8 -7 -7 -7 -7 ------- Run | Yrd Mat Min Exi Min Mat Fac Low Low Dat Robot Analysis Total . | . . . . . . . . . . Derelict Logs Recovered 3 | . . 1 . . . . . 2 . Drone Launches . | . . . . . . . . . . Drone Recoveries . | . . . . . . . . . . Exploration | -11 -10 -10 -10 -9 -8 -7 -7 -7 -7 ------------- Run | Yrd Mat Min Exi Min Mat Fac Low Low Dat Turns Passed 5351 | 116 962 442 776 283 667 1012 331 666 96 Spaces Moved 3079 | 78 388 233 484 148 311 596 387 412 42 Core 278 | 12 . . . . . . 266 . . Treads 1135 | 15 388 233 484 15 . . . . . Legs 529 | 51 . . . . 1 477 . . . Wheels 1129 | . . . . 133 310 119 113 412 42 Hover 8 | . . . . . . . 8 . . Flight . | . . . . . . . . . . Fastest Speed 50 | 50 160 160 160 110 105 110 50 140 155 Average Speed 134 | 116 160 160 160 117 132 120 77 151 155 Slowest Speed 260 | 160 160 160 160 160 260 260 250 185 155 Overloaded Moves . | . . . . . . . . . . Propulsion Burnouts . | . . . . . . . . . . Robots Hopped . | . . . . . . . . . . Cave-ins Triggered . | . . . . . . . . . . Exploration Rate (%) 46 | 6 48 67 77 36 23 12 60 65 67 Regions Visited 9 Branch Regions 6 Pre-discovered Areas 2 | . . . 1 . . . . 1 . Known Exits Taken . | . . . . . . . . . . Unknown Exits Taken 9 | 1 1 1 1 1 1 1 1 1 . Scrap Searched 6 | . . 1 . . . . 1 4 . Spaces Dug . | . . . . . . . . . . Terrain Destroyed 33 | . . . . . 15 14 . 3 1 Melee . | . . . . . . . . . . Projectile 26 | . . . . . 15 7 . 3 1 AOE 7 | . . . . . . 7 . . . Terrain Rammed . | . . . . . . . . . . Walls Destroyed . | . . . . . . . . . . Machines Disabled . | . . . . . . . . . . Actions | -11 -10 -10 -10 -9 -8 -7 -7 -7 -7 --------- Run | Yrd Mat Min Exi Min Mat Fac Low Low Dat Total 3897 | 99 647 280 487 211 470 784 420 442 57 Wait 431 | 9 194 34 . 24 55 86 5 18 6 Move 3070 | 77 387 232 483 147 310 595 386 411 42 Hop . | . . . . . . . . . . Pick Up 34 | 5 3 . 2 3 12 5 1 3 . Fast Attach 21 | 6 . . . . 8 2 4 1 . Attach 25 | . 1 . . 3 5 8 7 1 . Detach 3 | . . . . . 1 . 1 1 . Swap 39 | 2 8 . . 3 16 8 1 1 . Drop 25 | . 3 . 2 1 6 2 11 . . Fire 246 | . 51 14 . 30 57 75 4 6 9 Melee 3 | . . . . . . 3 . . . Ram . | . . . . . . . . . . Kick . | . . . . . . . . . . Crush . | . . . . . . . . . . Escape Stasis . | . . . . . . . . . . Rewire . | . . . . . . . . . . Trap . | . . . . . . . . . . Miscellaneous . | . . . . . . . . . . Route ------- -11/Scrapyard -10/Materials (discovered 3 exits: [*Mat x2] / [*Min]) -10/Mines -10/Exiles -9/Mines -8/Materials -7/Factory -7/Lower Caves -7/Lower Caves -7/Data Miner (discovered 1 exit: [*Pro]) History --------- Turn | Location | Event 13 | -11/Scrapyard | Discovered new exit (range 15) 117 | -11/Scrapyard | Entered Materials 307 | -10/Materials | Build established: Mutant 721 | -10/Materials | Discovered new exit (range 9) 777 | -10/Materials | Discovered new exit (range 10) 1037 | -10/Materials | Discovered new exit (range 13) 1079 | -10/Materials | Entered Mines 1116 | -10/Mines | Learned Materials terminal intel 1499 | -10/Mines | Deemed a non-threat by the Exiles lab entrance 1499 | -10/Mines | Discovered new exit (range 5) 1521 | -10/Mines | Entered Exiles 1521 | -10/Exiles | Accompanied by 2 allies 1551 | -10/Exiles | Led the pair of lost Derelicts to a safe place 1561 | -10/Exiles | Met 8R-AWN 1595 | -10/Exiles | Met EX-HEX 1681 | -10/Exiles | Met EX-DEC 1723 | -10/Exiles | Learned location of Zion (-6) 1803 | -10/Exiles | Discovered new exit (range 14) 1935 | -10/Exiles | Visited The Gauntlet 2297 | -10/Exiles | Entered Mines 2298 | -9/Mines | Assembled infested the area 2412 | -9/Mines | Core integrity fell below 50% 2446 | -9/Mines | Lost 3 parts (1p1n1u) 2562 | -9/Mines | Discovered new exit (range 8) 2580 | -9/Mines | Entered Materials 2580 | -8/Materials | Evolved 4 slots: Propulsion x1, Utility x3 2581 | -8/Materials | Loaded intel: 12 terminal locations 2974 | -8/Materials | Build established: Scavenger-Mutant 3166 | -8/Materials | Discovered new exit (range 15) 3247 | -8/Materials | Entered Factory 3247 | -7/Factory | Evolved 2 slots: Propulsion x1, Utility x1 3520 | -7/Factory | Build established: Mutant 3996 | -7/Factory | Lost 3 parts (1n2w) 4104 | -7/Factory | Lost 4 parts (1p1n1u1w) 4219 | -7/Factory | Discovered new exit (range 15) 4259 | -7/Factory | Entered Lower Caves 4265 | -7/Lower Caves | Attracted the attention of an 0b10 checkpoint 4292 | -7/Lower Caves | Core integrity fell below 50% 4319 | -7/Lower Caves | Lost 9 parts (1p4n3u1w) 4333 | -7/Lower Caves | Encountered a Warlord checkpoint 4415 | -7/Lower Caves | Discovered new exit (range 6) 4590 | -7/Lower Caves | Entered another Lower Caves area 4627 | -7/Lower Caves | Learned Factory security intel 4689 | -7/Lower Caves | Encountered a Warlord checkpoint 5083 | -7/Lower Caves | Learned location of Extension (-4) 5088 | -7/Lower Caves | Discovered new exit (range 15) 5256 | -7/Lower Caves | Entered Data Miner 5256 | -7/Data Miner | Discovered new exit (range 6) 5286 | -7/Data Miner | Met Data Miner 5325 | -7/Data Miner | Data Conduit disabled 5348 | -7/Data Miner | Core integrity fell below 20% 5352 | -7/Data Miner | Destroyed by Enhanced Grunt with Neutron Cannon Last Messages --------------- GOAL=ESCAPE 05256_ EXIT=FOUND 05263_ System corrupted: Matter fused (-5). 05279_ System corrupted: IFF burst signal emitted. Data Miner: I'm the Data Miner, and I've been given permission to aid you with a little knowledge. Find what you need on the terminals, then be on your way because masking your presence is increasingly difficult. 05303_ Data Miner disappears through a trap door. 05311_ System corrupted: Heat flow error (+242). 05325_ Chain reaction triggered in Antimatter Reactor. 05331_ System corrupted: Wheel rejected. 05335_ Angular Momentum Engine destroyed. 05341_ Thermic Laser destroyed. 05345_ Imp. Heavy Armor Plating destroyed. Map ----- +----------------------------------------------------+ | | | | | ????????????????????????????????????????? | | ????????????????????????????????????????? | | ????????????????????????????????????????? | | ????????????????????????????????????????? | | ?????????????????????????????????????#### | | ????????#############??????????????### # | | ???????"""""""""""""######????????## # | | ??????""""""" """"""""# ######## < ## | | ??????""""""" # | | ?????""""" | | ?????""""" | | ?????"""" | | ?????""""" | | ?????""""" """"""""""""""""# | | ?????"""""" """"############### | | ??????""""" ""###?????????????? | | ??????""""""" g ;;###???????????????? | | ??????######"## gg ; ??????????????????? | | ???????????#"?## ;???????????????????? | | ???????????#"?#; "#???????????????????? | | ???????????#"?# #???????????????????? | | ???????????#"## #???????????????????? | | ?????????????# "#???????????????????? | | ?????????????#;;@ "#???????????????????? | | ?????????????### "#???????????????????? | | ???????????????# ""#??????????????????? | | ??????????????? "#??????????????????? | | ???????????????X ""#??????????????????? | | ??????????????? "#??????????????????? | | ??????????????? X""??????????????????? | | ??????????????"X "##?????????????????? | | ??????????????# X""??????????????????? | | ??????????????## "???????????????????? | | ????????????????#####???????????????????? | | ????????????????????????????????????????? | | ????????????????????????????????????????? | | ????????????????????????????????????????? | | ????????????????????????????????????????? | | ????????????????????????????????????????? | | ????????????????????????????????????????? | | ????????????????????????????????????????? | | ????????????????????????????????????????? | | ????????????????????????????????????????? | | ????????????????????????????????????????? | | ????????????????????????????????????????? | | ????????????????????????????????????????? | | ????????????????????????????????????????? | | ????????????????????????????????????????? | +----------------------------------------------------+ Best States ------------- Heat Dissipation 55 Coolant Potential 65 Energy Generation 18 Energy Capacity 300 Matter Stores 300 Matter Capacity 300 Sight Range 16 Terrain Scan Density 110 Additional Mass Support 6 Armor Coverage 825 Resistance: KI 30 Resistance: EX 25 Weapon Shielding 33 Evasion (%) 55 Targeting Accuracy 6 Recoil Reduction 2 Particle Charging 20 Force Boost 20 Defensive Hacking 11 Item Schematics ----------------- None Robot Schematics ------------------ None Fabricated ------------ Nothing Alien Tech Used ----------------- None Achievements -------------- None Challenges ------------ None Game ------ Seed MappingMakeshiftCoupler Manual? 0 Play Time 01:06:52 Cumulative 17.8 hours Start 2024.11.08 @ 18:07:55 End 2024.11.08 @ 19:25:15 Sessions 1 Manual Loads 0 Difficulty Rogue Special Mode None Game No. 10 Rogue 7 Adventurer 1 Explorer 2 Win Type - Total 0 Types 0/0/0/0/0/0/0/0/0 Lore% 10 Gallery% 26 Achievement% 22 Wizard Run 0 Options --------- Layout 1 ASCII 0 Keyboard 0 Movement Mouse Keybinds 0 Fullscreen 2 Font 24/Tamsyn Map View 50x35 Zoom Use 0% Tactical HUD 1 Map Filters NONE Filters NONE Steam 1 RUN: 16b05f99-c6bc-42d2-982d-112d32f229ff